 Dungeon Crawl Stone Soup version 0.25.0-11-g1f837a76a1 (webtiles) character file.

Game seed: 9592494908820756417

51 Delamore the Skirmisher (level 3, 0/24 HPs)
             Began as a Gargoyle Fighter on June 25, 2020.
             Slain by Sigmund
             ... wielding a +3 vorpal scythe
              (4 damage)
             ... on level 2 of the Dungeon.
             The game lasted 00:00:52 (1115 turns).

Delamore the Skirmisher (Gargoyle Fighter)          Turns: 1115, Time: 00:00:52

Health: 0/24       AC: 10    Str: 20    XL:     3   Next: 81%
Magic:  3/3        EV:  7    Int:  8    God:
Gold:   41         SH:  0    Dex:  9    Spells: 2/2 levels left

rFire    . . .     SeeInvis .   o - +0 whip
rCold    . . .     Gourm    .   c - +0 kite shield
rNeg     + . .     Faith    .   b - +0 scale mail
rPois    ∞         Spirit   .   (no helmet)
rElec    +         Reflect  .   (no cloak)
rCorr    .         Harm     .   (no gloves)
MR       .....                  (no boots)
Stlth    ..........             (no amulet)
HPRegen  0.08/turn              (no ring)
MPRegen  0.08/turn              (no ring)

@: confused
A: negative energy resistance 1, electricity resistance, unbreathing,
petrification resistance, rot immunity, AC +3
a: no special abilities


You were on level 2 of the Dungeon.
You were not hungry.

You visited 1 branch of the dungeon, and saw 2 of its levels.

You collected 41 gold pieces.

Inventory:

Hand Weapons
 a - a +0 flail
 o - a +0 whip (weapon)
Armour
 b - a +0 scale mail (worn)
 c - a +0 kite shield (worn)
Scrolls
 e - a scroll of fear {unknown}
 i - a scroll of remove curse {unknown}
 l - 3 scrolls of identify {unknown}
 n - 2 scrolls of teleportation {unknown}
Potions
 d - a potion of might
 h - a potion of curing {unknown}
 j - 2 potions of mutation {unknown}
 k - a potion of stabbing {unknown}
 m - a potion of heal wounds {unknown}
Comestibles
 f - 3 rations
 g - a chunk of flesh


   Skills:
 + Level 4.2 Fighting
 + Level 3.1 Maces & Flails
 - Level 3.2 Armour
 - Level 3.2 Shields


You had 2 spell levels left.
You didn't know any spells.
Your spell library was empty.

Dungeon Overview and Level Annotations

Branches:
Dungeon (2/15)

Altars:

Annotations:
D:2 Sigmund


Innate Abilities, Weirdness & Mutations

You are resistant to torment.
Your stone body is resilient. (AC +3)
You are immune to poison.
You resist negative energy. (rN+)
You are resistant to electric shocks. (rElec)
You can survive without breathing.
You are immune to petrification.
You are immune to rotting.


Message History

You hit something.
You hear some strange, mumbled words.
You are confused.
You bump into the rock wall.
Something completely misses you.
You bump into the rock wall.
You hear some strange, mumbled words.
A magic dart appears from out of thin air!
The magic dart hits you.
* * * LOW HITPOINT WARNING * * *
You're too confused to move!
Something hits you but does no damage.
You closely miss something.
You feel less confused. You block something's attack.
You block something's attack.
You hit something. You closely miss something.
You hear some strange, mumbled words.
You are confused.
You bump into the rock wall.
Something hits you.
You die...

#.# #.# #.# #.# #.#
#.### #...#
###.#################.
#.#.(.......@{......
#####.#.################
......#.#.÷.#
#######)#.#.# # #...#.#
# #####.# # #.#
###########.#
............#


There were no monsters in sight!

Vanquished Creatures
  2 adders (D:2)
  An ooze (D:1)
  3 giant cockroaches (D:1)
  4 goblins (D:1)
  3 hobgoblins (D:1)
  4 jackals (D:1)
  3 kobolds (D:1)
  2 bats (D:1)
  2 frilled lizards (D:1)
  4 rats (D:1)
28 creatures vanquished.

Notes
Turn   | Place    | Note
-------+----------+-------------------------------------------
     0 | D:1      | Delamore the Gargoyle Fighter began the quest for the Orb.
     0 | D:1      | Reached XP level 1. HP: 14/14 MP: 1/1
   215 | D:1      | Reached XP level 2. HP: 19/19 MP: 2/2
   577 | D:1      | Reached XP level 3. HP: 24/24 MP: 3/3
   643 | D:1      | Reached skill level 4 in Fighting
  1095 | D:2      | Noticed Sigmund
  1115 | D:2      | Slain by Sigmund

Illustrated notes

Levels and vault maps discovered:
D:1:      dpeg_arrival_another_circle, layout_loops_ring
D:2:      layout_basic, yredelemnul_forgotten_temple_becter, uniq_sigmund

Skill      XL: |  1  2  3 |
---------------+----------+-----
Fighting       | 4 |  4.2
Maces & Flails | 3 |  3.1
Armour         | |  3.2
Shields        | |  3.2

Action                   || total
-------------------------++-------
Melee: Flail             ||   133
       Whip              ||    30
  Eat: Chunk             ||     1
Armor: Scale mail        ||    85
Dodge: Dodged            ||    52
Block: Kite shield       ||   102
